AoeStats
← 嘴角一颗芝麻

Arabia

510083907Analyzed
1v1 RM · 4d ago on Sep 29, 2026· 47m 1s· 2 players
Game mode
Random Map
Map size
Tiny (2 player)
Population
200
Speed
Normal
Resources
Standard
Victory
Conquest
Starting age
Dark Age
Ending age
Imperial Age
RankedLock teamsTeams togetherTeam positionsShared explorationLock speedFull tech treeHidden civsTurbo modeCheats
Victory
Defeat
🇫🇷 Sicilians · France
1458
+16
🇨🇳 Persians · China
1450
-16
嘴角一颗芝麻
6:53 Loom
9:26 Feudal Age
13:08 Fletching
14:01 Town Watch
20:21 Padded Archer Armor
25:55 Castle Age
25:12 Double-Bit Axe
25:08 Horse Collar
25:19 Gold Mining
26:34 Wheelbarrow
26:22 Bodkin Arrow
26:00 Crossbowman
29:14 Leather Archer Armor
31:37 Hand Cart
33:21 Ballistics
33:35 Thumb Ring
39:38 Imperial Age
39:28 Bow Saw
41:15 Scale Barding Armor
41:20 Husbandry
41:51 Forging
44:30 Chain Barding Armor
44:45 Iron Casting
44:22 Bloodlines
43:56 Heavy Camel Rider
Don't Worry Be Happy
6:42 Loom
9:10 Feudal Age
9:50 Double-Bit Axe
14:26 Fletching
18:57 Horse Collar
23:04 Castle Age
23:06 Crossbowman
23:42 Bodkin Arrow
27:24 Bow Saw
27:00 Horse Collar
29:36 Ballistics
36:04 Imperial Age
34:20 Padded Archer Armor
34:27 Husbandry
34:37 Bloodlines
34:42 Scale Barding Armor
34:47 Forging
36:31 Chain Barding Armor
38:23 Plate Barding Armor
38:29 Heavy Plow
39:33 Cavalier
42:28 Hauberk
42:53 Gold Mining
43:35 Crop Rotation
44:35 Conscription
43:47 Pikeman
44:28 Squires
45:37 Scale Mail Armor
46:13 Iron Casting
47:21 Gold Shaft Mining
46:13 Halberdier
Connection lost

Rejoining the realm…

Still unreachable

The connection could not be restored.

Session expired

The server has moved on; the page needs a fresh start.